 Dungeon Crawl Stone Soup version 0.30-a0-778-g2ef04afb54 (webtiles) character file.

Game seed: 5700249796263619512

2734 Aneyh the Carver (level 9, -1/49 HPs)
             Began as a Tengu Monk on Feb 17, 2023.
             Was a Believer of Hepliaklqana.
             Slain by a hornet (12 damage)
             ... while paralysed by a hornet
             ... on level 8 of the Dungeon.
             The game lasted 00:18:25 (6363 turns).

Aneyh the Carver (Tengu Monk)                       Turns: 6363, Time: 00:18:26

Health: -1/49      AC:  7    Str: 15    XL:     9   Next: 67%
Magic:  1/10       EV:  2    Int: 17    God:    Hepliaklqana [**....]
Gold:   440        SH:  0    Dex: 17    Spells: 3/8 levels left

rFire   . . .      SeeInvis .    a - +0 great sword
rCold   . . .      Faith    .    (shield currently unavailable)
rNeg    . . .      Spirit   .    P - +0 steam dragon scales
rPois   .          Reflect  .    (helmet restricted)
rElec   .          Harm     .    t - +0 cloak
rCorr   .          Rampage  .    u - +0 pair of gloves
Will    .....                    (boots unavailable)
Stlth   ++                       f - amulet of regeneration
HPRegen 1.08/turn                r - +6 ring of intelligence
MPRegen 0.12/turn                (no ring)

@: paralysed, lethally poisoned (-1 -> -3), flying quickly and evasively,
slowed, invisible, quick
A: reduced essence, beak, talons 3, nimble flight
a: Renounce Religion, Recall Ancestor, Ancestor Identity


You were on level 8 of the Dungeon.
You worshipped Hepliaklqana.
Hepliaklqana was pleased with you.
You visited 2 branches of the dungeon, and saw 9 of its levels.
You also visited: Sewer.

You collected 440 gold pieces.

Inventory:

Hand Weapons
 a - a +0 great sword (weapon)
 b - a +0 shortbow
 m - a +0 spear
 s - a +0 trident
 v - a +1 hand axe of electrocution
 C - a +1 dagger of electrocution
 D - a +1 trident of holy wrath
 O - a +0 halberd
Missiles
 c - a silver boomerang
 E - 3 throwing nets
Armour
 t - a +0 cloak (worn)
 u - a +0 pair of gloves (worn)
 A - a +0 leather armour
 N - a +0 robe
 P - +0 steam dragon scales (worn)
Jewellery
 f - an amulet of regeneration (around neck)
 r - a +6 ring of intelligence (left hand)
 w - a +6 ring of dexterity
 F - a ring of magical power
Wands
 H - a wand of digging (4)
 J - a wand of iceblast (7)
 Q - a wand of charming (12)
Scrolls
 j - 5 scrolls of teleportation
 l - 8 scrolls of identify
 o - 2 scrolls of fear {unknown}
 p - 3 scrolls of magic mapping {unknown}
 q - a scroll of amnesia {unknown}
 y - 2 scrolls of enchant weapon {unknown}
 G - a scroll of noise {unknown}
 K - 3 scrolls of torment {unknown}
 L - a scroll of brand weapon {unknown}
 M - a scroll of fog {unknown}
 R - a scroll of blinking {unknown}
Potions
 d - a potion of invisibility
 e - 4 potions of degeneration {unknown}
 g - a potion of resistance {unknown}
 h - 4 potions of curing {unknown}
 i - 6 potions of heal wounds {unknown}
 k - 5 potions of haste {unknown}
 n - a potion of berserk rage {unknown}
 x - a potion of mutation {unknown}
 z - 2 potions of brilliance {unknown}
 B - a potion of flight {unknown}
 I - a potion of might {unknown}


   Skills:
 + Level 6.0 Fighting
 * Level 11.9 Long Blades
 - Level 3.8 Polearms
 + Level 5.0 Dodging
 - Level 2.0 Stealth
 + Level 2.1 Summonings


You had 3 spell levels left.
You knew the following spells:

 Your Spells              Type           Power      Damage    Failure   Level
a - Call Imp              Summ           7%         N/A       16%         2
b - Call Canine Familiar  Summ           7%         N/A       30%         3

Your spell library contained the following spells:

 Spells                   Type           Power      Damage    Failure   Level
 Beastly Appendage        Tmut           0%         N/A       24%         1
 Magic Dart               Conj           0%         1d3       24%         1
 Slow                     Hex            0%         N/A       24%         1
 Ensorcelled Hibernation  Hex/Ice        0%         N/A       34%         2
 Sublimation of Blood     Necr           0%         N/A       34%         2
 Wereblood                Tmut           0%         N/A       34%         2
 Confusing Touch          Hex            0%         N/A       56%         3
 Gell's Gravitas          Tloc           0%         N/A       56%         3
 Mephitic Cloud           Conj/Pois/Air  0%         N/A       56%         3
 Portal Projectile        Hex/Tloc       0%         N/A       56%         3
 Spider Form              Tmut/Pois      0%         N/A       56%         3
 Teleport Other           Tloc           0%         N/A       56%         3
 Vampiric Draining        Necr           0%         2d6       56%         3
 Vhi's Electric Charge    Tloc/Air       0%         N/A       56%         3
 Anguish                  Hex/Necr       0%         N/A       93%         4
 Leda's Liquefaction      Hex/Erth       0%         N/A       93%         4
 Arcjolt                  Conj/Air       0%         1d10      100%        5
 Dispersal                Tloc           0%         N/A       100%        6
 Summon Hydra             Summ           3%         N/A       100%        7
 Maxwell's Capacitive Co  Air            0%         ∞         100%        8


Dungeon Overview and Level Annotations

Branches:
Dungeon (8/15)             Temple (1/1) D:7           Sewer (visited)
   Lair: D:8-11

Altars:
Ashenzari
Cheibriados
Dithmenos
Elyvilon
Fedhas
Gozag
Hepliaklqana
Kikubaaqudgha
Makhleb
Okawaru
Qazlal
Ru
Sif Muna
Trog
Vehumet
Wu Jian
Xom
Yredelemnul
Zin
The Shining One

Shops:
D:1 ?


Innate Abilities, Weirdness & Mutations

Your life essence is reduced to manifest your ancestor. (-10% HP)
You have a beak for a mouth.
You have claws for feet.
Your magical nature lets you fly swiftly and evasively.


Message History

The hornet is moderately wounded.
Your crimson imp blinks!
You fade into invisibility!
The hornet misses you.
A magic dart appears from out of thin air!
The magic dart hits the hornet.
The hornet misses you.
Your crimson imp hits the hornet.
a - a +0 great sword (weapon)
The hornet stings your crimson imp.
Your crimson imp is poisoned.
You hit the hornet but do no damage. Your kick misses the hornet.
Your peck misses the hornet.
The hornet is heavily wounded.
Your crimson imp dies!
Your crimson imp disappears in a puff of smoke!
The hornet stings you!
You are poisoned.
You feel yourself slow down.
You hit the hornet but do no damage. Your kick misses the hornet.
The hornet is heavily wounded.
You feel very sick. The hornet closely misses you.
You hear some strange, mumbled words.
The hornet easily resists.
The hornet stings you!
You are more poisoned.
You feel as though you will be slow longer.
The hornet stings you.
You feel as though you will be slow longer.
You slash the hornet! You claw the hornet, but do no damage.
The hornet is almost dead.
You feel very sick. The hornet closely misses you. The hornet stings you!
You suddenly lose the ability to move!
You feel sick.
The hornet stings you but does no damage.
The hornet stings you.
* * * LOW HITPOINT WARNING * * *
You feel as though you will be slow longer.
You feel sick. The hornet stings you!
You die...

#.................
#......(..........
#.................
#.................
#.................
##......#####.#####
#.......###≈#.#≈##
#.......##≈≈#.#≈≈##
####.......#≈≈S#@#≈≈≈# .
...........#≈≈≈#y######....
.###.......#≈≈≈#o.)).......
.# #.......#≈≈≈#.######....
.# #......^#≈≈≈#.#S≈≈# .
.###.......##≈≈#.#≈≈##
.##........###≈#.#≈##
.##........#####.###
.................#


You could see a hornet (unable to see you), 2 electric eels and an orc (unable
to see you).

Vanquished Creatures
  A water moccasin (D:5)
  A black bear (D:5)
  2 centaurs
  3 phantoms
  A kobold brigand (D:7)
  2 bullfrogs
  5 scorpions
  A gnoll sergeant (D:5)
  A wyvern zombie (D:5)
  A water moccasin zombie (D:5)
  2 killer bees (D:7)
  A nameless horror (Temple)
  A howler monkey (D:5)
  A bullfrog zombie (D:5)
  5 orc priests
  5 hounds
  3 jellies
  A centaur skeleton (D:5)
  5 iguanas
  An orc wizard (D:4)
  3 hound zombies (D:5)
  A gnoll (D:7)
  13 adders
  A river rat (D:4)
  3 shadow imps
  2 ufetubi
  2 dart slugs
  4 worms
  15 orcs
  17 endoplasms
  6 giant cockroaches
  6 goblins
  7 hobgoblins
  11 kobolds
  3 quokkas
  7 ball pythons
  4 bats
  7 frilled lizards
  12 rats
167 creatures vanquished.

Vanquished Creatures (collateral kills)
  A steam dragon (D:7)
  A bullfrog (D:6)
  A scorpion (D:7)
  4 killer bees (D:7)
  2 gnolls (D:7)
  An ufetubus (Temple)
  2 orcs
12 creatures vanquished.

Grand Total: 179 creatures vanquished

Notes
Turn   | Place    | Note
-------+----------+-------------------------------------------
     0 | D:1      | Aneyh the Tengu Monk began the quest for the Orb.
     0 | D:1      | Reached XP level 1. HP: 14/14 MP: 2/2
    83 | D:1      | Reached XP level 2. HP: 19/19 MP: 3/3
   238 | D:1      | Found Mebraot's Magic Scroll Shoppe.
   454 | D:1      | Reached XP level 3. HP: 24/24 MP: 4/4
   898 | D:2      | Found an ancient bone altar of Kikubaaqudgha.
   925 | D:2      | Reached skill level 1 in Long Blades
  1166 | D:2      | Reached XP level 4. HP: 24/29 MP: 5/5
  1301 | D:3      | Found a stormy altar of Qazlal.
  1313 | D:3      | Reached skill level 2 in Long Blades
  1494 | D:3      | Reached skill level 3 in Long Blades
  1550 | D:3      | Gained mutation: Your magical nature lets you fly swiftly
                  | and evasively. [Tengu growth]
  1550 | D:3      | Reached XP level 5. HP: 21/33 MP: 6/6
  1966 | D:4      | Reached skill level 4 in Long Blades
  2095 | D:4      | Found a glowing drain.
  2104 | Sewer    | Entered a sewer
  2233 | Sewer    | Reached XP level 6. HP: 19/38 MP: 7/7
  2286 | Sewer    | Reached skill level 5 in Long Blades
  2294 | Sewer    | Found a viscous altar of Jiyva.
  3140 | D:4      | Reached skill level 6 in Long Blades
  3393 | D:5      | Entered Level 5 of the Dungeon
  3402 | D:5      | Reached XP level 7. HP: 31/44 MP: 8/8
  3484 | D:5      | Found a blossoming altar of Fedhas.
  3626 | D:4      | Reached skill level 7 in Long Blades
  3882 | D:5      | Reached skill level 8 in Long Blades
  3882 | D:5      | Reached XP level 8. HP: 33/48 MP: 9/9
  3968 | D:5      | Reached skill level 5 in Fighting
  4097 | D:5      | Reached skill level 9 in Long Blades
  4133 | D:5      | Found a burning altar of Makhleb.
  4429 | D:5      | Reached skill level 10 in Long Blades
  4437 | D:5      | Reached XP level 9. HP: 42/54 MP: 10/10
  4582 | D:6      | Found a sacrificial altar of Ru.
  4623 | D:6      | Learned a level 2 spell: Call Imp
  4986 | D:6      | Reached skill level 11 in Long Blades
  5177 | D:7      | Found a staircase to the Ecumenical Temple.
  5197 | Temple   | Entered the Ecumenical Temple
  5282 | Temple   | Became a worshipper of Hepliaklqana the Forgotten
  5282 | Temple   | Reached * piety under Hepliaklqana
  5282 | Temple   | Reached ** piety under Hepliaklqana
  5283 | Temple   | Remembered your ancestor Xiloxoch as a battlemage
  5288 | Temple   | Learned a level 3 spell: Call Canine Familiar
  5339 | D:7      | Reached skill level 1 in Summonings
  5690 | D:7      | Found a shimmering altar of Xom.
  5694 | D:7      | Found an ancient bone altar of Kikubaaqudgha.
  5747 | D:7      | Reached skill level 5 in Dodging
  6339 | D:8      | Noticed a hornet
  6361 | D:8      | Paralysed by a hornet for 3 turns
  6363 | D:8      | Slain by a hornet

Illustrated notes

Levels and vault maps discovered:
D:1:      amcnicky_arrival_gap_in_the_tavern_cellar, layout_rooms, serial_shops,
          nicolae_lakefront_shop
D:2:      layout_basic, basic_altar
D:3:      layout_basic, nicolae_overflow_hidden_temple
D:4:      layout_basic, portal_sewer_entry_a, lightli_corner_chamber
D:5:      minmay_razor_zed, layout_cave_pools, lemuel_round_altar,
          makhleb_heckhound_becter, serial_undead, serial_undead_a,
          serial_undead_c, serial_undead_d, serial_undead_e, nrook_campfire,
          minmay_hedge_maze
D:6:      layout_rooms, nicolae_ru_path_of_blood
D:7:      layout_cave_pools, minitemple, minmay_temple_entry_glass,
          nrook_mini_backslash
D:8:      layout_basic, nemelex_xobeh_ov_fountains_minmay, lair_entry_dummy,
          serial_aquarium, aquarium_bridge_square [aquarium_subvault_bridge,
          aquarium_subvault_balcony, aquarium_subvault_window,
          aquarium_subvault_balcony], aquarium_bridge_square
          [aquarium_subvault_window, aquarium_subvault_bridge,
          aquarium_subvault_bridge, aquarium_subvault_bridge],
          aquarium_window_3, aquarium_window_double, aquarium_window_1,
          aquarium_view_2b
Temple:   nicolae_temple_superstar

Skill      XL: |  1  2  3  4  5  6  7  8  9 |
---------------+----------------------------+-----
Long Blades    | 1 3 4 6 8 10 11 | 11.9
Fighting       | 4 5 6 |  6.0
Dodging        | 4 5 |  5.0
Summonings     | 2 |  2.1
Polearms       | |  3.8
Stealth        | |  2.0

Action                     |  1- 3 |  4- 6 |  7- 9 || total
---------------------------+-------+-------+-------++-------
  Melee: Spear             |    38 |       |     3 ||    41
         Kick              |    12 |    36 |    55 ||   103
         Peck              |     7 |    21 |    39 ||    67
         Great sword       |    37 |   160 |   166 ||   363
         Trident           |       |       |    31 ||    31
         Halberd           |       |       |     1 ||     1
   Fire: Shortbow          |       |       |     3 ||     3
  Throw: Boomerang         |       |       |     1 ||     1
   Cast: Call Imp          |       |       |    12 ||    12
         Call Canine Famil |       |       |     5 ||     5
 Invoke: Ancestor Life: Ba |       |       |     1 ||     1
    Use: Scroll            |     2 |     2 |       ||     4
         Potion            |       |     1 |     2 ||     3
   Stab: Sleeping          |     8 |     4 |     1 ||    13
         Distracted        |     1 |       |     4 ||     5
 Armour: Robe              |    12 |    24 |       ||    36
         Leather armour    |       |     8 |    60 ||    68
         Steam dragon scal |       |       |     7 ||     7
  Dodge: Dodged            |    35 |   140 |   241 ||   416

Table legend: (Time is in decaauts)
 A = Elapsed time spent in this place.
 B = Non-inter-level travel time spent in this place.
 C = Inter-level travel time spent in this place.
 D = Time resting spent in this place.
 E = Time spent auto-exploring this place.
 F = Levels seen in this place.
 G = Mean time per level.
                   A        B        C        D        E       F      G
               +--------+--------+--------+--------+--------+-----+--------+
         Total |   6208 |   5958 |    250 |   1198 |   3097 |  10 |  620.8 |
       Dungeon |   5777 |   5527 |    250 |   1158 |   2945 |   8 |  722.1 |
        Temple |    120 |    120 |      0 |      8 |     62 |   1 |  120.0 |
         Sewer |    311 |    311 |      0 |     32 |     90 |   1 |  311.0 |
               +--------+--------+--------+--------+--------+-----+--------+

Top non-repeatable levels by time:
     D:4: 1202 daAuts
     D:5: 993 daAuts
     D:7: 948 daAuts
     D:2: 893 daAuts
     D:3: 580 daAuts
     D:6: 533 daAuts
     D:1: 504 daAuts
   Sewer: 311 daAuts
     D:8: 121 daAuts
  Temple: 120 daAuts
